 Dungeon Crawl Stone Soup version 0.27.0-1-g7a089689b8 (webtiles) character file.

Game seed: 3546866404548700232

49 Thatpatchoflichen the Skirmisher (level 3, -12/33 HPs)
             Began as a Hill Orc Fighter on Aug 12, 2021.
             Mangled by Crazy Yiuf (19 damage)
             ... on level 2 of the Dungeon.
             The game lasted 00:03:20 (1709 turns).

Thatpatchoflichen the Skirmisher (Hill Orc Fighter) Turns: 1709, Time: 00:03:22

Health: -12/33     AC:  7    Str: 18    XL:     3   Next: 75%
Magic:  3/3        EV:  7    Int:  8    God:
Gold:   45         SH:  9    Dex: 11    Spells: 2/2 levels left

rFire    . . .     SeeInvis .   a - +0 war axe
rCold    . . .     Faith    .   c - +0 kite shield
rNeg     . . .     Spirit   .   b - +0 scale mail
rPois    .         Reflect  .   (no helmet)
rElec    .         Harm     .   (no cloak)
rCorr    .         Rampage  .   (no gloves)
Will     .....                  (no boots)
Stlth    ..........             (no amulet)
HPRegen  0.11/turn              (no ring)
MPRegen  0.08/turn              (no ring)

@: no status effects
A: no striking features
a: no special abilities


You were on level 2 of the Dungeon.
You visited 1 branch of the dungeon, and saw 2 of its levels.

You collected 45 gold pieces.

Inventory:

Hand Weapons
 a - a +0 war axe (weapon)
Missiles
 l - 48 stones (quivered)
 m - 18 sling bullets
Armour
 b - a +0 scale mail (worn)
 c - a +0 kite shield (worn)
Scrolls
 e - a scroll of identify {unknown}
 g - a scroll of teleportation {unknown}
 h - a scroll of noise {unknown}
 k - a scroll of vulnerability {unknown}
Potions
 d - a potion of might
 f - a potion of lignification {unknown}
 i - 2 potions of heal wounds {unknown}
 j - a potion of curing {unknown}


   Skills:
 + Level 4.2 Fighting
 + Level 3.4 Axes
 + Level 3.8 Armour
 + Level 3.7 Shields


You had 2 spell levels left.
You didn't know any spells.
Your spell library contained the following spells:

 Spells                   Type           Power      Damage    Failure   Level
 Passwall                 Tmut/Erth      0%         N/A       100%        2
 Swiftness                Air            0%         N/A       100%        3
 Invisibility             Hex            0%         N/A       100%        6


Dungeon Overview and Level Annotations

Branches:
Dungeon (2/15)

Altars:
Yredelemnul

Annotations:
D:2 Crazy Yiuf


Message History

You closely miss the kobold. The kobold barely misses you.
You hit the kobold but do no damage. You block the kobold's attack.
The kobold barely misses you.
Your shield and scale mail prevent you from hitting the kobold.
The kobold closely misses you.
You closely miss the kobold. The kobold barely misses you.
The kobold hits you but does no damage.
You hit the kobold.
The kobold is moderately wounded.
The kobold barely misses you. You block the kobold's attack.
You closely miss the kobold.
The kobold is moderately wounded.
The kobold hits you but does no damage.
You hit the kobold.
You kill the kobold!
l - 9 stones (gained 4)
Things that are here:
a +0 short sword; a kobold corpse
l - 35 stones (gained 26)
l - 48 stones (gained 13)
Found a mace.
Found a runed translucent door.
Crazy Yiuf shouts!
You open the door. You slash Crazy Yiuf!
Crazy Yiuf is severely wounded.
You block Crazy Yiuf's attack.
You hit Crazy Yiuf.
Crazy Yiuf is severely wounded.
Crazy Yiuf cries, "Tonal!"
Crazy Yiuf hits you with a +2 quarterstaff of chaos.
You are electrocuted!
Crazy Yiuf says, "Crazy?
Crazy!?
PORCUPINE!"
Crazy Yiuf completely misses you.
You hit Crazy Yiuf but do no damage.
Crazy Yiuf is severely wounded.
Crazy Yiuf hits you with a +2 quarterstaff of chaos!
* * * LOW HITPOINT WARNING * * *
Space warps horribly around you!!
Ouch! That really hurt!
You die...

#########
.............#.....
..........###.....
.........# #.>...
###########.####
#........
#######........ ###
###.#.##.........
#...##..#.............
#...g@####............
#)..### ##.#.........
### ####........
#........ #........
#......). #########


You could see Crazy Yiuf.

Vanquished Creatures
  An adder (D:2)
  A worm (D:2)
  2 dart slugs (D:1)
  3 ball pythons
  4 endoplasms
  A giant cockroach (D:2)
  2 hobgoblins (D:1)
  3 jackals (D:2)
  2 quokkas (D:1)
  A bat (D:2)
  5 frilled lizards
  3 kobolds
  6 rats
34 creatures vanquished.

Vanquished Creatures (others)
  A fungus (D:1)
  8 plants (D:1)
9 creatures vanquished.

Grand Total: 43 creatures vanquished

Notes
Turn   | Place    | Note
-------+----------+-------------------------------------------
     0 | D:1      | Thatpatchoflichen the Hill Orc Fighter began the quest for
                  | the Orb.
     0 | D:1      | Reached XP level 1. HP: 19/19 MP: 1/1
   151 | D:1      | Reached XP level 2. HP: 22/27 MP: 2/2
   318 | D:1      | You fall into a shaft and drop 1 floor!
   407 | D:2      | Found a basalt altar of Yredelemnul.
   454 | D:1      | Found a faded altar of an unknown god.
   599 | D:1      | Reached skill level 4 in Fighting
   703 | D:1      | Reached XP level 3. HP: 31/33 MP: 3/3
  1702 | D:2      | Found a runed translucent door.
  1703 | D:2      | Noticed Crazy Yiuf
  1709 | D:2      | Mangled by Crazy Yiuf

Illustrated notes

Levels and vault maps discovered:
D:1:      enne_arrival_octagon_isle, layout_loops_ring,
          shapermc_ecumenical_altar_mp_ritualfount
D:2:      layout_basic, basic_altar, uniq_crazy_yiuf_cottage

Skill      XL: |  1  2 |
---------------+-------+-----
Axes           | 3 |  3.4
Fighting       | 4 |  4.2
Armour         | |  3.8
Shields        | |  3.7

Action                   || total
-------------------------++-------
Melee: War axe           ||   109
Armor: Scale mail        ||    47
Dodge: Dodged            ||    50
Block: Kite shield       ||    75
